AoeStats
← nico89sfx

Arabia

503199173Analyzed
1v1 RM · 1mo ago on Aug 30, 2026· 55m 43s· 2 players
Game mode
Random Map
Map size
Tiny (2 player)
Population
200
Speed
Normal
Resources
Standard
Victory
Conquest
Starting age
Dark Age
Ending age
Imperial Age
RankedLock teamsTeams togetherTeam positionsShared explorationLock speedFull tech treeHidden civsTurbo modeCheats
Victory
Defeat
🇫🇷 Khmer · France
575
+20
🇦🇷 Portuguese · Argentina
660
-20
charcouille
0:30 Loom
13:30 Feudal Age
19:44 Castle Age
18:18 Double-Bit Axe
19:11 Horse Collar
19:30 Gold Mining
19:58 Stone Mining
23:48 Bow Saw
23:42 Heavy Plow
25:47 Gold Shaft Mining
26:04 Town Watch
28:38 Wheelbarrow
34:16 Imperial Age
35:32 Stone Shaft Mining
35:20 Forging
36:35 Hand Cart
37:22 Ballistics
37:01 Herbal Medicine
37:09 Scale Mail Armor
37:42 Town Patrol
39:21 Chemistry
38:11 Arson
38:32 Husbandry
38:59 Scale Barding Armor
39:00 Tusk Swords
39:33 Chain Mail Armor
40:02 Iron Casting
39:51 Masonry
40:03 Fortified Wall
40:38 Murder Holes
41:10 Chain Barding Armor
40:53 Pikeman
42:11 Architecture
42:00 Bloodlines
42:18 Halberdier
47:27 Cavalier
51:03 Blast Furnace
50:40 Plate Barding Armor
51:54 Siege Engineers
51:18 Light Cavalry
53:56 Hussar
nico89sfx
10:32 Feudal Age
8:49 Loom
10:59 Double-Bit Axe
11:03 Horse Collar
21:40 Castle Age
20:22 Wheelbarrow
22:40 Castle Age
21:36 Fletching
23:12 Padded Archer Armor
23:24 Forging
24:19 Pikeman
24:22 Elite Skirmisher
24:54 Town Watch
25:25 Bow Saw
26:10 Heavy Plow
26:10 Gold Mining
28:35 Stone Mining
29:22 Masonry
31:42 Hand Cart
33:19 Town Patrol
33:43 Ballistics
33:26 Bodkin Arrow
38:47 Imperial Age
36:56 Thumb Ring
37:09 Leather Archer Armor
37:30 Iron Casting
39:21 Iron Casting
38:47 Scale Mail Armor
38:53 Scale Barding Armor
39:05 Bloodlines
38:56 Husbandry
38:17 Light Cavalry
40:01 Conscription
40:47 Chemistry
40:19 Architecture
39:44 Murder Holes
39:31 Treadmill Crane
41:50 Onager
42:22 Halberdier
47:45 Bracer
48:16 Ring Archer Armor
48:06 Chain Barding Armor
48:02 Chain Mail Armor
48:47 Blast Furnace
47:54 Elite Organ Gun
50:55 Arquebus
52:10 Two-Man Saw
Connection lost

Rejoining the realm…

Still unreachable

The connection could not be restored.

Session expired

The server has moved on; the page needs a fresh start.